 Dungeon Crawl Stone Soup version 0.26-a0-54-g15ccc7a (webtiles) character file.

Game seed: 9585964366964845416

2 vertexvortex the Digger (level 1, -2/13 (14) HPs)
             Began as a Ghoul Earth Elementalist on June 7, 2020.
             Slain by a hobgoblin
             ... wielding a +0 club
              (5 damage)
             ... on level 1 of the Dungeon.
             The game lasted 00:01:20 (156 turns).

vertexvortex the Digger (Ghoul Earth Elementalist)   Turns: 156, Time: 00:01:20

HP:   -2/13 (14)    AC:  2    Str: 11    XL:     1   Next: 30%
MP:   0/2           EV: 12    Int: 10    God:
Gold: 10            SH:  0    Dex:  9    Spells: 2/3 levels left

rFire    . . .     SeeInvis .   (no weapon)
rCold    + . .     Gourm    .   (no shield)
rNeg     + + +     Faith    .   c - +0 robe
rPois    ∞         Spirit   .   (no helmet)
rElec    .         Reflect  .   (no cloak)
rCorr    .         Harm     .   (no gloves)
MR       .....                  (no boots)
Stlth    ++........             (no amulet)
HPRegen  0.00/turn              (no ring)
MPRegen  0.08/turn              (no ring)

@: rotting
A: rotting body, claws 1, carnivore, cold resistance 1, negative energy
resistance 3, inhibited regeneration, torment resistance, unbreathing
a: no special abilities


You were on level 1 of the Dungeon.
You were not hungry.

You visited 1 branch of the dungeon, and saw 1 of its levels.

You collected 10 gold pieces.

Inventory:

Missiles
 b - 74 stones (quivered)
Armour
 c - a +0 robe (worn)
Comestibles
 d - a ration


   Skills:
 * Level 0.1 Fighting
 - Level 1.7 Dodging
 - Level 2.1 Stealth
 + Level 1.8 Spellcasting
   Level 0.8 Transmutations
 + Level 3.3 Earth Magic


You had 2 spell levels left.
You knew the following spells:

 Your Spells              Type           Power        Failure   Level  Hunger
a - Sandblast             Erth           #.....       8%          1    ##.....

Your spell library contained the following spells:

 Spells                   Type           Power        Failure   Level  Hunger
 Passwall                 Tmut/Erth      #.......     21%         2    ###....
 Stone Arrow              Conj/Erth      #.....       43%         3    ####...
 Petrify                  Tmut/Erth      #.......     80%         4    #####..
 Lee's Rapid Deconstruct  Erth           #.........   91%         5    ######.


Dungeon Overview and Level Annotations

Branches:
Dungeon (1/15)

Altars:


Innate Abilities, Weirdness & Mutations

Your body is rotting away.
You thrive on raw meat.
You are immune to poison.
You have sharp fingernails.
You are carnivorous and can eat meat at any time.
Your flesh is cold resistant. (rC+)
You are immune to negative energy. (rN+++)
You do not regenerate when monsters are visible.
You are immune to unholy pain and torment.
You can survive without breathing.


Message History

Nothing appears to happen.
There is an open door here.
Casting: Sandblast (safe; 8% risk of failure)
Confirm with . or Enter, or press ? or * to list all spells.
Aiming: Sandblast (safe; 8% risk of failure)
Press: ? - help, Shift-Dir - straight line, f/p - hobgoblin
Aim: a hobgoblin, wielding a +0 club (lightly wounded)
The blast of sand hits the hobgoblin.
The hobgoblin is heavily wounded.
b - 74 stones The hobgoblin misses you.
Your magical contamination has completely faded away.
You see here a bat corpse.
You butcher the bat corpse.
The hobgoblin closely misses you.
Things that are here:
a chunk of flesh; a bat skeleton Eat a chunk of flesh? (ye/n/q)
You eat the chunk of flesh.
You feel more resilient.
This raw flesh tastes great!
The hobgoblin hits you with a +0 club.
You die...

##...#### ###.# #.#
###### #.# .....##
#.# ..<...###### #g#
.....##....# #.#
##'#######.#######.#
.....#####.#...g@..#
.......##....#######
..8.....'..###
.......###.#
.....###...# ######
#####


You could see a hobgoblin.

Vanquished Creatures
  2 bats (D:1)
  A kobold (D:1)
3 creatures vanquished.

Notes
Turn   | Place    | Note
-------+----------+-------------------------------------------
     0 | D:1      | vertexvortex the Ghoul Earth Elementalist began the quest
                  | for the Orb.
     0 | D:1      | Reached XP level 1. HP: 14/14 MP: 2/2
   156 | D:1      | Slain by a hobgoblin

Illustrated notes

Levels and vault maps discovered:
D:1:      minmay_arrival_shattered_statue, layout_loops_cross

Action                   || total
-------------------------++-------
Melee: Unarmed           ||     3
 Cast: Sandblast         ||     4
  Eat: Chunk             ||     1
Armor: Robe              ||     6
Dodge: Dodged            ||    14

Table legend:
 A = Non-vault XP
 B = Vault XP
 C = Vault XP percentage of total XP
 D = Non-vault monster count
 E = Vault monster count
 F = Vault count percentage of total count
                 A         B        C        D         E       F
            +---------+---------+-------+---------+---------+-------
      Total |       3 |       0 |   0.0 |       3 |       0 |   0.0
            +---------+---------+-------+---------+---------+-------
        D:1 |       3 |       0 |   0.0 |       3 |       0 |   0.0
            +---------+---------+-------+---------+---------+-------
